 Dungeon Crawl Stone Soup version 0.28.0-55-gcd9437bce4 (webtiles) character file.

Game seed: 9075409226648998244

1955 nerdsy the Blocker (level 8, -4/73 HPs)
             Began as a Deep Dwarf Fighter on Jan 4, 2023.
             Slain by a gnoll sergeant
             ... wielding a +0 spear
              (5 damage)
             ... on level 7 of the Dungeon.
             The game lasted 00:20:14 (4347 turns).

nerdsy the Blocker (Deep Dwarf Fighter)             Turns: 4347, Time: 00:20:15

Health: -4/73      AC: 15    Str: 22    XL:     8   Next: 99%
Magic:  4/4        EV:  4    Int:  9    God:
Gold:   280        SH: 14    Dex: 12    Spells: 7/7 levels left

rFire   . . .      SeeInvis .   C - +2 spear (vorpal)
rCold   . . .      Faith    .   i - +0 tower shield
rNeg    . . .      Spirit   .   q - +0 plate armour
rPois   .          Reflect  .   m - +0 helmet
rElec   .          Harm     .   (no cloak)
rCorr   .          Rampage  .   r - +0 pair of gloves
Will    +....                   (no boots)
Stlth   ..........              (no amulet)
HPRegen 0.00/turn               (no ring)
MPRegen 0.09/turn               (no ring)

@: no status effects
A: damage resistance, heal wounds, sense surroundings 1, no regeneration
a: Heal Wounds


You were on level 7 of the Dungeon.
You visited 1 branch of the dungeon, and saw 9 of its levels.

You collected 280 gold pieces.

Inventory:

Hand Weapons
 u - a +2 falchion of draining
 B - a +2 scythe of venom
 C - a +2 vorpal spear (weapon)
Missiles
 p - 5 boomerangs
 z - 68 stones
 D - 2 throwing nets
Armour
 i - a +0 tower shield (worn)
 m - a +0 helmet (worn)
 q - a +0 plate armour (worn)
 r - a +0 pair of gloves (worn)
 v - a +2 ring mail of fire resistance
 F - a +1 helmet
Magical Staves
 t - a staff of conjuration
Jewellery
 x - a ring of flight
 E - a ring of see invisible
Wands
 j - a wand of acid (11)
 A - a wand of flame (15)
Scrolls
 c - 2 scrolls of immolation {unknown}
 f - 4 scrolls of teleportation
 h - a scroll of summoning {unknown}
 n - 3 scrolls of identify {unknown}
 o - a scroll of enchant weapon {unknown}
 w - a scroll of fear {unknown}
 y - 3 scrolls of amnesia {unknown}
Potions
 a - 2 potions of invisibility {unknown}
 b - a potion of magic {unknown}
 d - a potion of might
 e - 3 potions of attraction {unknown}
 g - 2 potions of experience {unknown}
 k - a potion of berserk rage {unknown}
 l - a potion of mutation {unknown}
 s - a potion of ambrosia {unknown}
 G - 2 potions of resistance {unknown}


   Skills:
 + Level 4.7 Fighting
 + Level 3.7 Long Blades
 + Level 5.6 Axes
 + Level 6.3 Armour
 + Level 2.3 Dodging
 + Level 0.7 Stealth
 + Level 8.2 Shields


You had 7 spell levels left.
You didn't know any spells.
Your spell library contained the following spells:

 Spells                   Type           Power      Damage    Failure   Level
 Animate Skeleton         Necr           0%         N/A       100%        1
 Pain                     Necr           0%         1d4       100%        1
 Blink                    Tloc           0%         N/A       100%        2
 Ensorcelled Hibernation  Hex/Ice        0%         N/A       100%        2
 Passwall                 Tmut/Erth      0%         N/A       100%        2
 Lesser Beckoning         Tloc           0%         N/A       100%        3
 Swiftness                Air            0%         N/A       100%        3
 Vampiric Draining        Necr           0%         2d6       100%        3
 Manifold Assault         Tloc           0%         N/A       100%        5


Dungeon Overview and Level Annotations

Branches:
Dungeon (9/15)
 Temple: D:4-7         Lair: D:8-11         Orc: D:9-12

Altars:
Ashenzari
Ru

Shops:
D:2 *


Innate Abilities, Weirdness & Mutations

You are resistant to damage.
You can heal yourself by infusing magical energy.
You passively map a small area around you.
You do not regenerate.


Message History

The gnoll hits you with a +0 whip.
The orc warrior hits you with a +0 war axe!
The howler monkey howls!
You hit the orc.
You kill the orc!
You feel less confused. You block the orc's attack.
The gnoll hits you but does no damage.
The gnoll sergeant hits you but does no damage.
The orc wizard hits you but does no damage. x2
The gnoll hits you with a +0 whip. The gnoll hits you but does no damage.
The orc priest calls down the wrath of Beogh upon you.
Beogh smites you!
The orc warrior hits you but does no damage.
The orc hits you but does no damage. The gnoll hits you with a +0 whip.
You closely miss the orc wizard. You block the gnoll sergeant's attack.
The orc wizard barely misses you.
The orc wizard hits you but does no damage.
The gnoll hits you but does no damage. x2
The howler monkey hoots and howls with incredible vigour!
The orc barely misses you.
The orc warrior hits you with a +0 war axe.
The orc priest calls down the wrath of Beogh upon you.
Beogh smites you!
* * * LOW HITPOINT WARNING * * *
The orc barely misses you. The gnoll hits you with a +0 whip.
* * * LOW HITPOINT WARNING * * *
The gnoll sergeant hits you but does no damage.
The orc wizard hits you but does no damage.
You hear a howl!
You hear a shout! x2
You hit the orc wizard.
The orc wizard is moderately wounded.
You block the orc wizard's attack. You block the gnoll's attack.
The gnoll hits you with a +0 whip.
* * * LOW HITPOINT WARNING * * *
You block the orc's attack.
The orc warrior hits you with a +0 war axe!
* * * LOW HITPOINT WARNING * * *
The orc hits you but does no damage. You block the gnoll's attack.
The gnoll sergeant hits you from afar with a +0 spear.
You die...

........## .o###...
.........#.###....##
.........#.#.......##
.......>............## *
..........#.h........##
......................##
.......o#####..o{.......
##.......#####hooo......,*
######....#..og@go....., ,
#........ogo...... * *
#.......g........., , , *
#................. , ,
##................
#................ , , ,
*#......)......... ,
..............### ,
..##.......$.. ,


You could see an orc warrior, a gnoll sergeant, 2 howler monkeys, 2 orc priests,
2 orc wizards, 3 gnolls and 3 orcs.

Vanquished Creatures
  Sigmund (D:6)
  Eustachio (D:4)
  A wyvern (D:8)
  A water moccasin (D:4)
  Duvessa (D:5)
  An orc warrior (D:6)
  A necrophage (D:5)
  An ogre (D:5)
  A bullfrog (D:6)
  3 scorpions
  A water moccasin skeleton (D:5)
  Dowan (D:5)
  A killer bee (D:4)
  5 hounds
  A gnoll shaman (D:6)
  A centaur skeleton (D:4)
  2 iguanas (D:5)
  An orc wizard (D:4)
  A killer bee zombie (D:6)
  7 gnolls
  12 adders
  3 river rats (D:3)
  A shadow imp (D:5)
  A white imp (D:6)
  2 ufetubi
  5 worms
  4 dart slugs
  24 orcs
  10 ball pythons
  8 endoplasms
  9 goblins
  11 hobgoblins
  A jackal (D:3)
  2 quokkas
  6 bats
  A frilled lizard (D:3)
  8 kobolds
  9 rats
150 creatures vanquished.

Vanquished Creatures (others)
  2 fungi (D:1)
  2 plants (D:1)
4 creatures vanquished.

Grand Total: 154 creatures vanquished

Notes
Turn   | Place    | Note
-------+----------+-------------------------------------------
     0 | D:1      | nerdsy the Deep Dwarf Fighter began the quest for the Orb.
     0 | D:1      | Reached XP level 1. HP: 20/20 MP: 1/1
   162 | D:1      | Found a faded altar of an unknown god.
   168 | D:1      | Reached XP level 2. HP: 12/27 MP: 2/2
   593 | D:2      | Reached XP level 3. HP: 34/34 MP: 3/3
   620 | D:2      | Found Loemiygyke's General Store.
   836 | D:2      | Found a sacrificial altar of Ru.
   907 | D:2      | Reached XP level 4. HP: 39/42 MP: 4/4
  1031 | D:2      | Reached skill level 4 in Shields
  1435 | D:3      | Noticed a scorpion
  1448 | D:3      | Killed a scorpion
  1449 | D:3      | Reached skill level 1 in Dodging
  1449 | D:3      | Reached XP level 5. HP: 29/50 MP: 5/5
  1544 | D:3      | Found a glowing drain.
  1887 | D:3      | Reached XP level 6. HP: 44/57 MP: 5/5
  2145 | D:4      | Reached skill level 5 in Shields
  2200 | D:4      | Found a broken altar of Ashenzari.
  2600 | D:4      | Reached skill level 5 in Axes
  2600 | D:4      | Reached XP level 7. HP: 31/64 MP: 4/4
  2600 | D:4      | Noticed Eustachio
  2747 | D:4      | Killed Eustachio
  2977 | D:5      | Entered Level 5 of the Dungeon
  2998 | D:5      | Reached skill level 6 in Shields
  3200 | D:5      | Noticed Duvessa
  3200 | D:5      | Noticed Dowan
  3223 | D:5      | Killed Duvessa
  3224 | D:5      | Reached skill level 5 in Armour
  3228 | D:5      | Killed Dowan
  3229 | D:5      | Reached XP level 8. HP: 59/73 MP: 4/4
  3236 | D:5      | Reached skill level 1 in Long Blades
  3299 | D:5      | Reached skill level 7 in Shields
  3740 | D:6      | Noticed Sigmund
  3750 | D:6      | Killed Sigmund
  3949 | D:6      | Reached skill level 8 in Shields
  4069 | D:6      | You fall into a shaft and drop 3 floors!
  4314 | D:8      | Noticed a two-headed ogre
  4347 | D:7      | HP: 1/73 [orc warrior/+0 war axe (13)]
  4347 | D:7      | Slain by a gnoll sergeant

Illustrated notes

Levels and vault maps discovered:
D:1:      minmay_arrival_doors, layout_basic,
          shapermc_ecumenical_altar_mp_ritualfount
D:2:      minmay_inner_zag, layout_basic, basic_altar, serial_shops,
          nicolae_shop_trees
D:3:      minmay_skewed_foursquare, layout_rooms, lightli_sewer_entry_pipes
D:4:      cheibrodos_barr_body, layout_basic, lemuel_tele_altar,
          grunt_ministairs_14, uniq_eustachio
D:5:      layout_basic, uniq_duvessa
D:6:      layout_gridville, uniq_sigmund
D:7:      layout_cave_pods, minmay_temple_entry_slanted, serial_shops,
          nicolae_stop_n_shop_1, serial_gnoll_camp, gnoll_camp_mini_house,
          gnoll_camp_mini_doghouse, gnoll_camp_mini_sergeant,
          gnoll_camp_mini_basic, gnoll_camp_mini_hut
D:8:      layout_basic, kennysheep_potato
D:9:      layout_basic, due_lair_maze_entry_diamond

Skill      XL: |  1  2  3  4  5  6  7  8 |
---------------+-------------------------+-----
Fighting       | 3 4 |  4.7
Shields        | 4 5 6 8 |  8.2
Armour         | 4 5 6 |  6.3
Axes           | 3 5 |  5.6
Dodging        | 1 2 |  2.3
Long Blades    | 3 |  3.7
Stealth        | |  0.7

Action                   |  1- 3 |  4- 6 |  7- 9 || total
-------------------------+-------+-------+-------++-------
Melee: War axe           |    90 |   254 |   137 ||   481
       Falchion          |       |       |   149 ||   149
       Spear             |       |       |    24 ||    24
 Abil: Heal Wounds       |     1 |     4 |    14 ||    19
  Use: Scroll            |       |       |     1 ||     1
Armor: Scale mail        |    39 |   102 |       ||   141
       Plate armour      |       |    74 |   281 ||   355
Dodge: Dodged            |    37 |    59 |    82 ||   178
Block: Buckler           |    15 |       |       ||    15
       Tower shield      |    26 |   282 |   364 ||   672
